 Dungeon Crawl Stone Soup version 0.23-a0-61-g4bf3f6c (webtiles) character file.

1907 Amnesiac the Destroyer (level 8, -3/52 HPs)
             Began as a Mummy Conjurer on Aug 9, 2018.
             Was a Believer of Kikubaaqudgha.
             Slain by a slime creature (18 damage)
             ... on level 3 of the Dungeon.
             The game lasted 00:13:28 (7158 turns).

Amnesiac the Destroyer (Mummy Conjurer)             Turns: 7158, Time: 00:13:29

Health: -3/52      AC:  4    Str: 11    XL:     8   Next: 94%
Magic:  1/19       EV: 16    Int: 17    God:    Kikubaaqudgha [**....]
Gold:   431        SH:  0    Dex: 12    Spells: 13/22 levels left

rFire    . . .     SeeInvis .   a - +2 hunting sling
rCold    + . .     Gourm    .   (no shield)
rNeg     + + +     Faith    .   f - +0 robe
rPois    ∞         Spirit   .   (no helmet)
rElec    .         Reflect  .   c - +0 cloak
rCorr    .         Harm     .   e - +0 pair of gloves
MR       +....                  (no boots)
Stlth    ++........             (no amulet)
HPRegen  0.17/turn              h - ring of protection from fire
MPRegen  0.16/turn              n - +4 ring of evasion

@: no status effects
A: no food or potions, fire vulnerability, cold resistance 1, negative energy
resistance 3, torment resistance, unbreathing
a: Receive Corpses, Renounce Religion


You were on level 3 of the Dungeon.
You worshipped Kikubaaqudgha.
Kikubaaqudgha was pleased with you.
You were not hungry.

You visited 1 branch of the dungeon, and saw 5 of its levels.

You collected 431 gold pieces.

Inventory:

Hand Weapons
 a - a +2 hunting sling (weapon)
 b - a +1 dagger of venom
Missiles
 g - 197 stones
 m - 52 sling bullets (quivered)
Armour
 c - a +0 cloak (worn)
 e - a +0 pair of gloves (worn)
 f - a +0 robe (worn)
 i - a +1 shield
Jewellery
 h - a ring of protection from fire (left hand)
 n - a +4 ring of evasion (right hand)
 o - an uncursed ring of wizardry
 p - an uncursed ring of protection from fire
Scrolls
 d - a scroll of teleportation {!r}
 j - 6 scrolls of identify {!r}
 k - 3 scrolls of remove curse {!r}
 l - 2 scrolls of fear {!r}
 q - a scroll of magic mapping {!r, unknown}
 r - a scroll of fog {!r}


   Skills:
 - Level 1.5 Dodging
 - Level 1.5 Stealth
 + Level 7.9 Spellcasting
 * Level 8.0 Conjurations
 + Level 4.5 Necromancy


You had 13 spell levels left.
You knew the following spells:

 Your Spells              Type           Power        Failure   Level  Hunger
b - Iskenderun's Mystic   Conj           ####....     3%          4    N/A
d - Searing Ray           Conj           ####..       1%          2    N/A
e - Dazzling Spray        Conj/Hex       ###...       6%          3    N/A

Your spell library contained the following spells:

 Spells                   Type           Power        Failure   Level  Hunger
 Magic Dart               Conj           ####         1%          1    N/A
 Apportation              Tloc           #.....       11%         1    N/A
 Summon Small Mammal      Summ           #...         11%         1    N/A
 Pain                     Necr           ###.         1%          1    N/A
 Animate Skeleton         Necr           N/A          1%          1    N/A
 Vampiric Draining        Necr           ###.......   4%          3    N/A
 Corpse Rot               Necr           N/A          2%          2    N/A
 Spider Form              Tmut/Pois      #.........   32%         3    N/A
 Blade Hands              Tmut           #.........   96%         5    N/A
 Ice Form                 Ice/Tmut       #.......     71%         4    N/A
 Confusing Touch          Hex            #.....       11%         1    N/A
 Sticks to Snakes         Tmut           #.......     16%         2    N/A
 Beastly Appendage        Tmut           #.....       11%         1    N/A
 Fulminant Prism          Conj/Hex       ###.......   21%         4    N/A
 Force Lance              Conj/Tloc      ###.....     21%         4    N/A

Dungeon Overview and Level Annotations

Branches:
Dungeon (5/15)
 Temple: D:4-7

Altars:
Ashenzari
Elyvilon
Fedhas
Hepliaklqana
Kikubaaqudgha

Shops:
D:5 (


Innate Abilities, Weirdness & Mutations

You do not eat or drink.
Your flesh is vulnerable to fire.
You are immune to poison.
Your flesh is cold resistant. (rC+)
You are immune to negative energy. (rN+++)
You are immune to unholy pain and torment.
You can survive without breathing.


Message History

Aim: a slime creature (lightly wounded)
The spray of energy hits the slime creature.
The slime creature is lightly wounded.
Unknown command.
Casting: Dazzling Spray (safe; 6% risk of failure)
Confirm with . or Enter, or press ? or * to list all spells.
Aiming: Dazzling Spray (safe; 6% risk of failure)
Press: ? - help, Shift-Dir - straight line, f/p - slime creature
Aim: a slime creature (lightly wounded)
The spray of energy hits the slime creature.
The slime creature is lightly wounded.
Unknown command.
Casting: Dazzling Spray (safe; 6% risk of failure)
Confirm with . or Enter, or press ? or * to list all spells.
Aiming: Dazzling Spray (safe; 6% risk of failure)
Press: ? - help, Shift-Dir - straight line, f/p - slime creature
Aim: a slime creature (lightly wounded)
The spray of energy hits the slime creature.
The slime creature is moderately wounded.
The slime creature is dazzled.
The slime creature completely misses you.
Unknown command.
The slime creature is no longer blind.
There is a stone staircase leading up here.
Casting: Dazzling Spray (safe; 6% risk of failure)
Confirm with . or Enter, or press ? or * to list all spells.
Aiming: Searing Ray (safe; 1% risk of failure)
Press: ? - help, Shift-Dir - straight line, f/p - slime creature
Aim: a slime creature The searing ray hits the slime creature.
The slime creature is lightly wounded. (Press . to maintain the ray.)
The slime creature closely misses you.
The searing ray hits the slime creature.
The slime creature is lightly wounded.
The slime creature closely misses you.
The searing ray hits the slime creature.
The slime creature is moderately wounded.
The slime creature hits you!
The searing ray hits the slime creature.
The slime creature is moderately wounded.
You finish channeling your searing ray.
The slime creature hits you!
Casting: Searing Ray (safe; 1% risk of failure)
Confirm with . or Enter, or press ? or * to list all spells.
Aiming: Searing Ray (safe; 1% risk of failure)
Press: ? - help, Shift-Dir - straight line, f/p - slime creature
Aim: a slime creature (moderately wounded)
The searing ray hits the slime creature.
The slime creature is heavily wounded. (Press . to maintain the ray.)
The slime creature hits you.
* * * LOW HITPOINT WARNING * * *
The searing ray hits the slime creature.
The slime creature is heavily wounded.
The slime creature closely misses you.
The searing ray hits the slime creature.
The slime creature is severely wounded.
The slime creature hits you!
* * * LOW HITPOINT WARNING * * *
The searing ray hits the slime creature.
The slime creature is almost dead.
You finish channeling your searing ray.
The slime creature hits you!!
You die...
Kikubaaqudgha rasps: "You have failed me!
Welcome... oblivion!"

### #.)......# #.# #...#
#.###.########.# ##.##
#......%.......# #.#
####..########.# #.### #..# #.#
#...# #..# #.# ###.## #..#
#.#######..## #####.)######
#......J....#
#.........@.###.#######..##
#.###..####J.....>.......# ####
##.###..# #.###....J(...##
.._###...##..####.###.#########
....##...##...!.......#
##...)......#####.###.#
.#..........# #.# #.#
≈#.........######.# #.#
.#..##............# #.#


You could see a slime creature.

Vanquished Creatures
  Eustachio (D:4)
  Duvessa (D:4)
  3 ice beasts
  The ghost of HydraWiggins the Gusty, an amateur TrAE (D:3)
  An ogre (D:4)
  4 big kobolds (D:5)
  Dowan (D:4)
  A scorpion (D:5)
  2 howler monkeys
  2 crimson imps (D:5)
  Crazy Yiuf (D:2)
  3 hounds
  An orc wizard (D:4)
  5 jellies (D:5)
  Jessica (D:2)
  An iguana (D:4)
  3 worker ants
  Natasha (thrice) (D:2)
  3 gnolls (D:3)
  3 adders
  A shadow imp (D:5)
  4 oozes
  An adder skeleton (D:5)
  4 worms
  A dart slug (D:1)
  A leopard gecko (D:1)
  5 orcs
  5 giant cockroaches
  10 goblins
  18 hobgoblins
  3 jackals (D:2)
  2 quokkas
  7 bats
  7 frilled lizards
  A giant cockroach zombie (D:5)
  A jackal skeleton (D:4)
  7 kobolds
  A leopard gecko zombie (D:5)
  7 rats
127 creatures vanquished.

Vanquished Creatures (others)
  4 fungi (D:5)
  7 toadstools (D:5)
11 creatures vanquished.

Grand Total: 138 creatures vanquished

Notes
Turn   | Place    | Note
-------+----------+-------------------------------------------
     0 | D:1      | Amnesiac the Mummy Conjurer began the quest for the Orb.
     0 | D:1      | Reached XP level 1. HP: 13/13 MP: 4/4
   181 | D:2      | Found a white marble altar of Elyvilon.
   202 | D:3      | Reached XP level 2. HP: 19/19 MP: 4/6
   206 | D:3      | Learned a level 2 spell: Searing Ray
   230 | D:3      | Found a blossoming altar of Fedhas.
   230 | D:3      | Found a runed door.
   230 | D:3      | Noticed HydraWiggins's ghost (amateur TrAE)
   789 | D:3      | Reached XP level 3. HP: 21/24 MP: 2/8
   999 | D:4      | Found a transporter.
  1000 | D:4      | Noticed an ice beast
  1000 | D:4      | Noticed an ice beast
  1031 | D:4      | Reached skill level 4 in Conjurations
  1031 | D:4      | Reached XP level 4. HP: 24/30 MP: 1/10
  1095 | D:4      | Learned a level 4 spell: Iskenderun's Mystic Blast
  1099 | D:4      | Learned a level 3 spell: Dazzling Spray
  1162 | D:4      | Reached XP level 5. HP: 22/35 MP: 2/11
  1457 | D:4      | Found a transporter.
  1464 | D:4      | Noticed Dowan
  1465 | D:4      | Noticed Duvessa
  1674 | D:3      | Found an ancient bone altar of Kikubaaqudgha.
  1707 | D:3      | Became a worshipper of Kikubaaqudgha
  2793 | D:2      | Noticed Jessica
  2799 | D:2      | Killed Jessica
  2799 | D:2      | Reached skill level 5 in Conjurations
  2911 | D:2      | Noticed Natasha
  2915 | D:2      | Found a shattered altar of Ashenzari.
  2923 | D:2      | Killed Natasha
  2923 | D:2      | Reached skill level 5 in Spellcasting
  2925 | D:2      | Reached XP level 6. HP: 39/41 MP: 3/13
  2966 | D:2      | Reached * piety under Kikubaaqudgha
  2966 | D:2      | Identified Kikubaaqudgha's Grimoire of Dark Magic (Kikubaaqudgha gifted it to you on level 2 of the Dungeon)
  2966 | D:2      | Received a gift from Kikubaaqudgha
  3006 | D:2      | Noticed Natasha
  3012 | D:2      | Killed Natasha
  3069 | D:2      | Found a runed door.
  3310 | D:2      | Noticed Crazy Yiuf
  3317 | D:2      | Killed Crazy Yiuf
  3394 | D:2      | Noticed Natasha
  3402 | D:2      | Killed Natasha
  4009 | D:3      | Killed HydraWiggins's ghost
  4009 | D:3      | Reached skill level 1 in Necromancy
  4009 | D:3      | Reached XP level 7. HP: 45/46 MP: 6/15
  4445 | D:4      | Killed Duvessa
  4445 | D:4      | Reached skill level 6 in Conjurations
  4652 | D:4      | Killed Dowan
  5134 | D:4      | Noticed Eustachio
  5145 | D:4      | Killed Eustachio
  5248 | D:4      | Found a hazy altar of Hepliaklqana.
  5352 | D:4      | Reached ** piety under Kikubaaqudgha
  5352 | D:4      | Reached XP level 8. HP: 45/52 MP: 13/17
  5386 | D:5      | Entered Level 5 of the Dungeon
  5489 | D:5      | Reached skill level 7 in Conjurations
  5780 | D:5      | Noticed a slime creature
  6104 | D:5      | Found Onocunuo's Weapon Shoppe.
  6798 | D:4      | Reached skill level 8 in Conjurations
  7158 | D:3      | Slain by a slime creature

Vault maps used:
D:1:      dpeg_arrival_fog
D:2:      elyvilon_altar_4, ashenzari_conservatory_becter, grunt_ministairs_5,
          uniq_crazy_yiuf_cottage, uniq_natasha, uniq_jessica
D:3:      overflow_temple_1_default, first_ration,
          ebering_ghost_reflecting_pool, fedhas_altar_2
D:4:      gammafunk_cloud_chamber, marbit_many_paths, minmay_goblin_outpost,
          uniq_duvessa, uniq_eustachio
D:5:      cheibrodos_fertilizer, serial_shops, shop, minmay_misc_feat_iff

Skill      XL: |  1  2  3  4  5  6  7  8 |
---------------+-------------------------+-----
Spellcasting   | 3 4 5 6 7 |  7.9
Conjurations   | 4 5 6 8 |  8.0
Necromancy     | 1 2 4 |  4.5
Dodging        | |  1.5
Stealth        | |  1.5

Action                   |  1- 3 |  4- 6 |  7- 9 || total
-------------------------+-------+-------+-------++-------
Melee: Spear             |     5 |       |       ||     5
       Unarmed           |     4 |       |       ||     4
 Fire: Hunting sling     |     2 |    85 |    68 ||   155
 Cast: Magic Dart        |    44 |    47 |       ||    91
       Searing Ray       |     5 |    24 |    40 ||    69
       Dazzling Spray    |       |       |     8 ||     8
  Use: Scroll            |       |    12 |     1 ||    13
Armor: Robe              |     3 |     9 |    15 ||    27
Dodge: Dodged            |    17 |    48 |    41 ||   106

Table legend:
 A = Non-vault XP
 B = Vault XP
 C = Vault XP percentage of total XP
 D = Non-vault monster count
 E = Vault monster count
 F = Vault count percentage of total count
 G = Total turns spent on level
                 A         B        C        D         E       F
            +---------+---------+-------+---------+---------+-------
      Total |    1190 |    1535 |  56.3 |     100 |      27 |  21.3
            +---------+---------+-------+---------+---------+-------
        D:1 |      41 |       0 |   0.0 |      22 |       0 |   0.0
        D:2 |     120 |     120 |  50.0 |      22 |       5 |  18.5
        D:3 |     154 |     127 |  45.2 |      28 |       1 |   3.4
        D:4 |     434 |     702 |  61.8 |      16 |       8 |  33.3
        D:5 |     441 |     586 |  57.1 |      12 |      13 |  52.0
            +---------+---------+-------+---------+---------+-------
